 Dungeon Crawl Stone Soup version 0.18.1-48-g4cf74bf (webtiles) character file.

77 Gottschkopf the Ruffian (level 4, -4/35 HPs)
             Began as a Draconian Transmuter on Aug 10, 2016.
             Killed by nerve-wracking pain
             ... invoked by Grinder
              (10 damage)
             ... while paralysed by Grinder
             ... on level 3 of the Dungeon.
             The game lasted 00:04:34 (2583 turns).

Gottschkopf the Ruffian (Draconian Transmuter)      Turns: 2583, Time: 00:04:34

Health: -4/35      AC:  5    Str: 12    XL:     4   Next: 13%
Magic:  6/7        EV:  2    Int: 15    God:
Gold:   48         SH:  0    Dex: 11    Spells: 3 memorised, 1 level left

rFire  . . .     SeeInvis .       - Unarmed
rCold  . . .     Gourm    +     (armour unavailable)
rNeg   . . .     Faith    .     (no shield)
rPois  .         Spirit   .     (helmet restricted)
rElec  .         Dismiss  .     (no cloak)
rCorr  .         Reflect  .     (no gloves)
SustAt .         Harm     .     (boots currently unavailable)
MR     .....                    l - amulet of the gourmand
Stlth  +.........               (no ring)
                                (no ring)

@: paralysed, appendage (expiring), not resistant to hostile enchantments, very
unstealthy
A: unfitting armour, talons 3, cold-blooded, AC +5
a: End Transformation


You were on level 3 of the Dungeon.
You were full.
You had grown temporary talons.
You visited 1 branch of the dungeon, and saw 3 of its levels.

You collected 48 gold pieces.

Inventory:

Missiles
 a - 12 arrows
Jewellery
 l - an amulet of the gourmand (around neck)
Scrolls
 h - a scroll of teleportation
Potions
 d - a potion of lignification {unknown}
 i - a potion of cure mutation {unknown}
 k - a potion of magic {unknown}
 m - a potion of curing {unknown}
 n - a potion of invisibility {unknown}
Books
 b - a book of Changes

   Spells                             Type                      Level
   a - Beastly Appendage              Transmutation                1
   b - Sticks to Snakes               Transmutation                2
   c - Spider Form                    Transmutation/Poison         3
   d - Ice Form                       Ice/Transmutation            4
   e - Blade Hands                    Transmutation                5
Comestibles
 c - 2 bread rations
 j - 2 slices of pizza


   Skills:
 - Level 1.1 Fighting
 - Level 1.7 Dodging
 - Level 4.2 Unarmed Combat
 - Level 2.0 Spellcasting
 - Level 2.0 Transmutations
 + Level 2.4 Poison Magic


You had one spell level left.
You knew the following spells:

 Your Spells              Type           Power        Failure   Level  Hunger
a - Beastly Appendage     Trmt           #.....       12%         1    #......
b - Sticks to Snakes      Trmt           #.......     14%         2    ###....
c - Spider Form           Trmt/Pois      #.........   30%         3    ###....


Dungeon Overview and Level Annotations

Branches:
Dungeon (3/15)

Altars:
Pakellas
Xom

Annotations:
D:3 Grinder, Ijyb


Innate Abilities, Weirdness & Mutations

Your plain brown scales are hard (AC +5).
Your body does not fit into most forms of armour.
You are cold-blooded and may be slowed by cold attacks.
You have claws for feet.


Message History

Grinder shouts!
Ijyb hits you with a dagger.
You barely miss Ijyb.
Ijyb is lightly wounded.
Ijyb completely misses you. Grinder closely misses you.
You completely miss Ijyb. Your kick misses Ijyb.
Ijyb is lightly wounded.
Ijyb hits you but does no damage. Grinder gestures at you.
You suddenly lose the ability to move!
Ijyb hits you but does no damage. Grinder hits you but does no damage.
Ijyb barely misses you. Grinder gestures at you. Pain shoots through your body!
Ijyb barely misses you. Grinder hits you.
* * * LOW HITPOINT WARNING * * *
Ijyb hits you but does no damage. Grinder gestures at you.
Pain shoots through your body!
You die...

.# ## #.
#.# #..
.. ..#
#... #.
..#
#...##.
#..#
#......
...
.....
##.#
#..##@.#
#...5g>#
##.##..#
#. #..#
#. #....
#.
#.#.#.
#. #.#.#
# ..
..... #.
#.##..


You could see Grinder and Ijyb.

Vanquished Creatures
  2 adders
  2 oozes (D:2)
  4 worms (D:2)
  A dart slug (D:1)
  4 goblins
  6 hobgoblins
  5 kobolds
  2 ball pythons
  7 bats
  6 rats
39 creatures vanquished.

Notes
Turn   | Place    | Note
--------------------------------------------------------------
     0 | D:1      | Gottschkopf the Draconian Transmuter began the quest for the Orb.
     0 | D:1      | Reached XP level 1. HP: 16/16 MP: 3/3
   382 | D:1      | Reached XP level 2. HP: 23/23 MP: 3/5
  1254 | D:2      | Found an oddly glowing altar of Pakellas.
  1313 | D:2      | Reached skill level 4 in Unarmed Combat
  1320 | D:2      | Reached XP level 3. HP: 24/28 MP: 6/6
  1324 | D:2      | Learned a level 2 spell: Sticks to Snakes
  1328 | D:2      | Learned a level 3 spell: Spider Form
  1602 | D:2      | Reached skill level 1 in Poison Magic
  2190 | D:2      | Found a shimmering altar of Xom.
  2551 | D:3      | Noticed Ijyb
  2556 | D:3      | Reached XP level 4. HP: 31/35 MP: 5/7
  2577 | D:3      | Noticed Grinder
  2579 | D:3      | Paralysed by Grinder for 6 turns
  2583 | D:3      | Killed from afar by Grinder

Skill      XL: |  1  2  3 |
---------------+----------+-----
Unarmed Combat | 4 |  4.2
Poison Magic   | 2 |  2.4
Fighting       | |  1.1
Dodging        | |  1.7
Spellcasting   | |  2.0
Transmutations | |  2.0

Action                   |  1- 3 |  4- 6 || total
-------------------------+-------+-------++-------
Melee: Unarmed           |   162 |    20 ||   182
       Tailslap          |    18 |     1 ||    19
       Headbutt          |    12 |       ||    12
       Kick              |    15 |     2 ||    17
 Cast: Beastly Appendage |    28 |     1 ||    29
  Use: Scroll            |     4 |       ||     4
       Potion            |     1 |       ||     1
 Stab: Sleeping          |     1 |       ||     1
  Eat: Chunk             |    13 |       ||    13
Armor: Skin              |    42 |    13 ||    55
Dodge: Dodged            |   118 |    19 ||   137
